AoeStats
← 我不知道

Arabia

510316411Analyzed
1v1 RM · 19h ago on Sep 30, 2026· 35m 56s· 2 players
Game mode
Random Map
Map size
Tiny (2 player)
Population
200
Speed
Normal
Resources
Standard
Victory
Conquest
Starting age
Dark Age
Ending age
Imperial Age
RankedLock teamsTeams togetherTeam positionsShared explorationLock speedFull tech treeHidden civsTurbo modeCheats
Victory
Defeat
🇷🇺 Ethiopians · Russia
1047
+15
🇨🇳 Magyars · China
1020
-15
我不知道
6:31 Loom
9:05 Feudal Age
9:43 Double-Bit Axe
12:14 Horse Collar
21:43 Castle Age
20:07 Fletching
22:03 Padded Archer Armor
21:51 Crossbowman
22:29 Bodkin Arrow
22:57 Bow Saw
23:00 Thumb Ring
29:07 Wheelbarrow
35:28 Imperial Age
33:16 Hand Cart
33:02 Town Watch
36:48 Ballistics
37:29 Chemistry
36:32 Bracer
36:48 Leather Archer Armor
小飞
6:57 Loom
11:25 Feudal Age
12:41 Man-at-Arms
14:25 Arson
15:01 Scale Mail Armor
16:31 Fletching
20:39 Horse Collar
20:48 Double-Bit Axe
24:18 Castle Age
23:20 Double-Bit Axe
23:36 Gold Mining
24:19 Long Swordsman
25:10 Elite Skirmisher
26:45 Padded Archer Armor
26:47 Town Watch
30:54 Bodkin Arrow
32:44 Leather Archer Armor
33:31 Husbandry
Connection lost

Rejoining the realm…

Still unreachable

The connection could not be restored.

Session expired

The server has moved on; the page needs a fresh start.